 Seeded DCSS version 0.30-a0-965-g42e074c17a (webtiles) character file.

Game seed: 13137397067068997422 (custom seed)

162 mistaj the Trooper (level 5, -10/42 HPs)
             Began as a Demonspawn Fighter on Mar 30, 2023.
             Mangled by an ogre
             ... wielding a +0 giant club
              (19 damage)
             ... on level 4 of the Dungeon.
             The game lasted 00:03:45 (3091 turns).

mistaj the Trooper (Demonspawn Fighter)             Turns: 3091, Time: 00:03:45

Health: -10/42     AC:  7    Str: 19    XL:     5   Next: 19%
Magic:  5/5        EV:  9    Int:  9    God:
Gold:   2144       SH: 10    Dex: 12    Spells: 4/4 levels left

rFire   . . .      SeeInvis .    a - +0 war axe
rCold   . . .      Faith    .    c - +0 buckler
rNeg    . . .      Spirit   .    b - +0 scale mail
rPois   .          Reflect  +    (no helmet)
rElec   .          Rampage  .    (no cloak)
rCorr   .                        (no gloves)
Will    .....                    k - +0 pair of boots Stlth
                                 m - amulet of reflection
HPRegen 0.27/turn                (no ring)
MPRegen 0.18/turn                (no ring)

@: no status effects
A: magic regeneration, demonic magic 1
a: no special abilities


You were on level 4 of the Dungeon.
You visited 1 branch of the dungeon, and saw 4 of its levels.

You collected 2144 gold pieces.

Inventory:

Hand Weapons
 a - a +0 war axe (weapon)
Armour
 b - a +0 scale mail (worn)
 c - a +0 buckler (worn)
 k - a +0 pair of boots (worn)
Jewellery
 m - an amulet of reflection (around neck)
Scrolls
 g - 6 scrolls of identify {unknown}
 i - a scroll of teleportation {unknown}
 j - a scroll of vulnerability {unknown}
 l - 2 scrolls of magic mapping {unknown}
 n - a scroll of poison {unknown}
Potions
 d - 2 potions of might
 e - 4 potions of curing {unknown}
 f - 2 potions of mutation {unknown}
 h - a potion of cancellation {unknown}


   Skills:
 + Level 4.1 Fighting
 + Level 3.1 Axes
 - Level 2.6 Armour
 + Level 3.8 Shields


You had 4 spell levels left.
You didn't know any spells.
Your spell library contained the following spells:

 Spells                   Type           Power      Damage    Failure   Level
 Freeze                   Ice            0%         1d3       85%         1
 Frozen Ramparts          Ice            0%         1d1       99%         3
 Hailstorm                Conj/Ice       0%         3d3       99%         3
 Yara's Violent Unravell  Hex/Tmut       0%         3d3       100%        5
 Enfeeble                 Hex            0%         N/A       100%        7


Dungeon Overview and Level Annotations

Branches:
Dungeon (4/15)
 Temple: D:4-7

Altars:
Ashenzari
Wu Jian


Innate Abilities, Weirdness & Mutations

You regenerate magic rapidly.
Spells you cast may paralyse adjacent enemies.


Message History

You finish putting on your amulet of reflection.
You feel a shielding aura gather around you.
m - an amulet of reflection (around neck)
There is an ornate altar of the Wu Jian Council here.
There is an open door here.
There is a stone staircase leading down here.
You climb downwards.
There is a stone staircase leading up here.
e - 4 lumpy silvery potions (gained 1)
You now have 2136 gold pieces (gained 6).
Found a spear.
Found a stone staircase leading down.
You now have 2144 gold pieces (gained 8).
An ogre comes into view. It is wielding a +0 giant club.
An ogre is nearby!
Found 5 stones.
You hit the ogre.
The ogre is moderately wounded.
The ogre barely misses you.
You hit the ogre.
The ogre is heavily wounded.
The ogre closely misses you.
You barely miss the ogre.
The ogre is heavily wounded.
You block the ogre's attack.
You hit the ogre.
The ogre is heavily wounded.
The ogre hits you with a +0 giant club!!
Ouch! That really hurt!
* * * LOW HITPOINT WARNING * * *
You are too injured to fight recklessly!
You are too injured to fight recklessly!
You are too injured to fight recklessly!
You are too injured to fight recklessly!
You are too injured to fight recklessly!
You are too injured to fight recklessly!
You closely miss the ogre.
The ogre is heavily wounded.
The ogre hits you with a +0 giant club!!
You die...

..............########
............###.###
..................#
..........#.....#.#
P....#P...#######.#
#..P...#..##### .#
#......#......# .#
#..)...#..###.# .#
#.....O@..# .#
P..P...#..# .#
#PP....#..#
###.P#P#.>..
..........## ....
....... ... .####..##
... . (.#


You could see an ogre.

Vanquished Creatures
  Terence (D:3)
  An orc wizard (D:3)
  3 adders
  2 worms
  3 dart slugs
  7 orcs (D:3)
  6 bats
  5 endoplasms
  6 giant cockroaches
  5 goblins
  6 hobgoblins
  10 kobolds
  A quokka (D:1)
  5 ball pythons
  A frilled lizard (D:2)
  3 rats (D:2)
65 creatures vanquished.

Vanquished Creatures (others)
  A demonic plant (D:3)
1 creature vanquished.

Grand Total: 66 creatures vanquished

Notes
Turn   | Place    | Note
-------+----------+-------------------------------------------
     0 | D:1      | mistaj the Demonspawn Fighter began the quest for the Orb.
     0 | D:1      | Reached XP level 1. HP: 18/18 MP: 1/1
    29 | D:1      | Identified a scroll of acquirement
    29 | D:1      | Acquired 984 gold pieces
    52 | D:1      | Gained mutation: Spells you cast may paralyse adjacent
                  | enemies. [demonic ancestry]
    52 | D:1      | Reached XP level 2. HP: 18/24 MP: 2/2
   735 | D:2      | Reached XP level 3. HP: 18/29 MP: 3/3
   878 | D:2      | Found Xexamnid's Weapon Shoppe.
  1386 | D:3      | Found an ornate altar of the Wu Jian Council.
  1420 | D:3      | Found a faded altar of an unknown god.
  1444 | D:3      | Reached XP level 4. HP: 15/37 MP: 4/4
  1899 | D:3      | Acquired 1012 gold pieces
  2009 | D:3      | Noticed Terence
  2019 | D:3      | Killed Terence
  2133 | D:3      | Found a broken altar of Ashenzari.
  2236 | D:3      | Reached skill level 4 in Fighting
  2323 | D:3      | Gained mutation: You regenerate magic rapidly. [demonic
                  | ancestry]
  2323 | D:3      | Reached XP level 5. HP: 21/42 MP: 5/5
  3085 | D:4      | Noticed an ogre
  3091 | D:4      | Mangled by an ogre

Illustrated notes

Levels and vault maps discovered:
D:1:      dpeg_arrival_long_road, layout_basic
D:2:      layout_rooms, serial_shops, nicolae_shop_bloodbath_and_beyond
D:3:      layout_loops_corners, lemuel_round_altar,
          mainiacjoe_overflow_alcove_4, shapermc_ecumenical_altar_gd,
          minmay_misc_feat_roman, uniq_terence
D:4:      cheibrodos_old_hovel, layout_basic, kennysheep_mini,
          nicolae_gozag_cash_rules_everything_around_me, zin_statuary,
          uniq_eustachio, uniq_duvessa, uniq_blork_the_orc, uniq_sigmund

Skill      XL: |  1  2  3  4 |
---------------+-------------+-----
Axes           | 2 3 |  3.1
Shields        | 3 |  3.8
Fighting       | 4 |  4.1
Armour         | |  2.6

Action                     |  1- 3 |  4- 6 || total
---------------------------+-------+-------++-------
  Melee: War axe           |   117 |    67 ||   184
    Use: Scroll            |     1 |     1 ||     2
 Armour: Scale mail        |    56 |    28 ||    84
  Dodge: Dodged            |    53 |    30 ||    83
  Block: Buckler           |    27 |    19 ||    46

Table legend: (Time is in decaauts)
 A = Elapsed time spent in this place.
 B = Non-inter-level travel time spent in this place.
 C = Inter-level travel time spent in this place.
 D = Time resting spent in this place.
 E = Time spent auto-exploring this place.
 F = Levels seen in this place.
 G = Mean time per level.
                   A        B        C        D        E       F      G
               +--------+--------+--------+--------+--------+-----+--------+
         Total |   3167 |   3086 |     81 |    713 |   1873 |   4 |  791.8 |
       Dungeon |   3167 |   3086 |     81 |    713 |   1873 |   4 |  791.8 |
               +--------+--------+--------+--------+--------+-----+--------+

Top non-repeatable levels by time:
     D:3: 1792 daAuts
     D:1: 754 daAuts
     D:2: 556 daAuts
     D:4: 64 daAuts
